 Dungeon Crawl Stone Soup version 0.31-a0-424-g41b3b0883d (webtiles) character file.

Game seed: 17030087128241921649

3869 Ethylacetat the Mimic (level 10, -1/71 HPs)
             Began as an Octopode Shapeshifter on July 30, 2023.
             Slain by a warg (17 damage)
             ... on level 9 of the Dungeon.
             The game lasted 00:15:49 (8596 turns).

Ethylacetat the Mimic (Octopode Shapeshifter)       Turns: 8596, Time: 00:15:50

Health: -1/71      AC:  1    Str: 14    XL:     10   Next: 19%
Magic:  10/10      EV: 18    Int: 15    God:
Gold:   490        SH:  4    Dex: 16    Spells: 9/9 levels left

rFire   . . .        I - +9 mace of Evil {speed, rC+ rN+ Int+3}
rCold   + . .        m - +0 buckler
rNeg    + . .        (helmet currently unavailable)
rPois   .            (no amulet)
rElec   .            u - +5 ring of evasion
rCorr   +            F - ring of resist corrosion
SInv    .            (no ring)
Will    .....        (no ring)
Stlth   ++           (no ring)
HPRegen 0.31/turn    (no ring)
MPRegen 0.12/turn    (no ring)
                     (no ring)

%: no passive effects
@: beast-form, studying Long Blades
A: beast (slay +6), almost no armour, amphibious, 8 rings, camouflage 1,
gelatinous body 1, (nimble swimmer 1), tentacles
a: Begin Untransformation


You were on level 9 of the Dungeon.
You were a hulking beast.
You visited 2 branches of the dungeon, and saw 11 of its levels.
You also visited: Sewer.

You collected 580 gold pieces.
You spent 90 gold pieces at shops.

Inventory:

Hand Weapons
 I - the +9 mace of Evil (weapon) {speed, rC+ rN+ Int+3}
   (You found it on level 8 of the Dungeon)

   Int:       It affects your intelligence (+3).
   rC:        It protects you from cold.
   rN:        It protects you from negative energy.
Armour
 m - a +0 buckler (worn)
Jewellery
 c - a +5 ring of evasion
 e - a ring of ice
 u - a +5 ring of evasion (left tentacle)
 F - a ring of resist corrosion (right tentacle)
Talismans
 b - a beast talisman (active)
Wands
 o - a wand of acid (5)
 p - a wand of charming (22)
Scrolls
 a - 2 scrolls of brand weapon {unknown}
 h - 3 scrolls of blinking {unknown}
 j - a scroll of noise {unknown}
 k - a scroll of vulnerability {unknown}
 l - 2 scrolls of summoning {unknown}
 q - a scroll of immolation {unknown}
 s - 6 scrolls of identify {unknown}
 v - 4 scrolls of teleportation {unknown}
 x - a scroll of fog {unknown}
 y - a scroll of poison {unknown}
 A - 2 scrolls of amnesia {unknown}
 C - 2 scrolls of revelation {unknown}
 D - 2 scrolls of fear {unknown}
 G - a scroll of enchant weapon {unknown}
Potions
 d - 4 potions of curing
 f - a potion of experience {unknown}
 g - a potion of brilliance {unknown}
 i - a potion of invisibility {unknown}
 n - 2 potions of resistance {unknown}
 r - a potion of berserk rage {unknown}
 w - 2 potions of degeneration {unknown}
 z - a potion of ambrosia {unknown}
 B - a potion of enlightenment {unknown}
 E - a potion of haste {unknown}
 H - a potion of might {unknown}


   Skills:
 + Level 7.1 Fighting
 - Level 2.3 Dodging
 + Level 7.8 Unarmed Combat
 * Level 9.1 Shapeshifting


You had 9 spell levels left.
You didn't know any spells.
Your spell library contained the following spells:

 Spells                   Type           Power      Damage    Failure   Level
 Apportation              Tloc           0%         N/A       36%         1
 Necrotise                Necr           0%         1d4       36%         1
 Summon Small Mammal      Summ           0%         N/A       36%         1
 Lesser Beckoning         Tloc           0%         N/A       50%         2
 Call Canine Familiar     Summ           0%         N/A       73%         3
 Gell's Gravitas          Tloc           0%         N/A       73%         3
 Portal Projectile        Hex/Tloc       0%         N/A       73%         3
 Teleport Other           Tloc           0%         N/A       73%         3
 Vampiric Draining        Necr           0%         2d6       73%         3
 Vhi's Electric Charge    Tloc/Air       0%         N/A       73%         3
 Leda's Liquefaction      Hex/Erth       0%         N/A       98%         4
 Agony                    Necr           0%         N/A       100%        5
 Arcjolt                  Conj/Air       0%         1d10      100%        5
 Maxwell's Capacitive Co  Air            0%         ∞         100%        8


Dungeon Overview and Level Annotations

Branches:
Dungeon (10/15)            Temple (1/1) D:4            Lair (0/5) D:8
  Sewer (visited)
    Orc: D:9-12

Altars:
Ashenzari
Cheibriados
Dithmenos
Fedhas
Gozag
Hepliaklqana
Kikubaaqudgha
Makhleb
Nemelex Xobeh
Okawaru
Ru
Sif Muna
Trog
Vehumet
Wu Jian
Xom
Yredelemnul
Zin

Shops:
D:3 !   D:10 ?


Innate Abilities, Weirdness & Mutations

You are a hulking beast.
Your limbs bulge with bestial killing power. (Slay +6)
You cannot wear most types of armour.
You are amphibious.
You can wear up to eight rings at the same time.
Your skin changes colour to match your surroundings (Stealth+).
Your rubbery body absorbs attacks. (AC +1, EV +1)
((You are camouflaged when in or above water. (Stealth+)))
You have tentacles for arms and can constrict up to eight enemies at once.


Message History

A wyvern comes into view.
The warg misses you. The warg bites you!
The wyvern hisses angrily.
You sock the warg! Your squeeze misses the warg.
The warg is moderately wounded.
You hear a howl!
The warg completely misses you.
You hit the warg. You squeeze the warg.
The warg is moderately wounded.
The warg closely misses you.
You sock the warg!
Your tentacle-slap misses the warg.
You squeeze the warg!
You kill the warg!
A warg comes into view.
The warg howls!
You hit the wyvern.
The wyvern is lightly wounded.
The wyvern bites you!
A warg comes into view.
The wyvern closely misses you.
You hit the wyvern.
The wyvern is lightly wounded.
The wyvern closely misses you.
You barely miss the wyvern. You squeeze the wyvern!
The wyvern is heavily wounded.
The wyvern bites you!
You are too injured to fight recklessly!
You are too injured to fight recklessly!
You are too injured to fight recklessly!
You hit the wyvern.
The wyvern is severely wounded.
The wyvern completely misses you. The wyvern bites you!
* * * LOW HITPOINT WARNING * * *
You bludgeon the wyvern!!
You kill the wyvern!
The warg closely misses you.
You barely miss the warg. The warg barely misses you.
You sock the warg!
The warg is moderately wounded.
The warg bites you!
You die...

#.# ##.# # .# ##..#/# .#
...#[# .# #..#) .# #..# .#
#.#########.)#####.#
.....hhh)..)..†....#
....#######.#.###.## .
#.#^##..<## #.#.##.#..#
#.#.##....# ########
....#####.# # ..##.. ....# #.#
.####. #.##.# ...## #.#
......####.##.######.#######)#


You could see 2 wargs.

Vanquished Creatures
  A hornet (D:8)
  2 wyverns (D:9)
  A steam dragon (D:8)
  4 wargs
  2 water moccasins
  3 orc warriors (D:8)
  A sky beast (D:7)
  Pargi (Sewer)
  An ice beast (D:6)
  An ogre (D:5)
  7 centaurs
  A kobold brigand (D:8)
  A bullfrog (D:7)
  2 scorpions
  3 wights (D:7)
  3 howler monkeys (D:9)
  7 hounds
  3 jellies (D:6)
  5 orc priests (D:8)
  Crazy Yiuf (D:5)
  5 orc wizards
  Robin (D:4)
  10 adders
  3 gnolls (D:6)
  A shadow imp (D:6)
  An ufetubus (D:4)
  2 worms
  2 dart slugs
  18 orcs
  5 ball pythons
  4 bats
  2 endoplasms
  5 giant cockroaches
  12 goblins
  10 hobgoblins
  8 jackals
  6 quokkas
  5 frilled lizards
  12 kobolds
  4 rats
166 creatures vanquished.

Notes
Turn   | Place    | Note
-------+----------+-------------------------------------------
     0 | D:1      | Ethylacetat the Octopode Shapeshifter began the quest for
                  | the Orb.
     0 | D:1      | Reached XP level 1. HP: 13/13 MP: 1/1
   242 | D:1      | Reached XP level 2. HP: 18/18 MP: 2/2
   743 | D:2      | Reached XP level 3. HP: 23/23 MP: 3/3
  1490 | D:2      | Reached XP level 4. HP: 29/29 MP: 4/4
  1749 | D:3      | Found Nyphol's Distillery.
  1754 | D:3      | Bought a potion of curing for 30 gold pieces
  1754 | D:3      | Bought 2 potions of curing for 60 gold pieces
  1763 | D:3      | Found a glowing drain.
  1788 | Sewer    | Entered a sewer
  1796 | Sewer    | Noticed Pargi
  1804 | Sewer    | Killed Pargi
  1805 | Sewer    | Reached skill level 4 in Shapeshifting
  1805 | Sewer    | Reached XP level 5. HP: 35/35 MP: 5/5
  2180 | D:3      | Identified the +1 scale mail of Duck's Teeth {rF- rC- Str+7
                  | SInv}
  2319 | D:3      | Identified the +3 trident of Unreason {freeze, Str+3
                  | Stlth+}
  2799 | D:4      | Reached XP level 6. HP: 34/41 MP: 6/6
  2887 | D:4      | Noticed Robin
  2901 | D:4      | Killed Robin
  3144 | D:4      | Found an ornate altar of the Wu Jian Council.
  3353 | D:4      | Found a staircase to the Ecumenical Temple.
  3360 | Temple   | Entered the Ecumenical Temple
  3457 | D:5      | Entered Level 5 of the Dungeon
  3579 | D:5      | Reached skill level 5 in Shapeshifting
  3792 | D:5      | Reached XP level 7. HP: 35/46 MP: 7/7
  3943 | D:5      | Found a shimmering altar of Xom.
  3982 | D:5      | Found a runed translucent door.
  3983 | D:5      | Noticed Crazy Yiuf
  3988 | D:5      | Killed Crazy Yiuf
  4579 | D:6      | Identified the +0 helmet of Wariness {rElec rPois rN+
                  | Will+}
  4601 | D:6      | Reached skill level 5 in Unarmed Combat
  4691 | D:6      | Reached XP level 8. HP: 19/54 MP: 8/8
  4821 | D:6      | Reached skill level 6 in Shapeshifting
  5472 | D:7      | Found an opulent altar of Gozag.
  5595 | D:7      | You fall into a shaft and drop 3 floors!
  5595 | D:10     | Entered Level 10 of the Dungeon
  5595 | D:10     | Found Dacy's Magic Scroll Boutique.
  6110 | D:7      | Reached skill level 5 in Fighting
  6545 | D:7      | Reached skill level 7 in Shapeshifting
  6712 | D:8      | Reached XP level 9. HP: 13/61 MP: 9/9
  6722 | D:8      | HP: 2/61 [orc priest/+0 flail (9)]
  7127 | D:8      | Identified the +9 mace of Evil {speed, rC+ rN+ Int+3}
  7341 | D:8      | Found a staircase to the Lair.
  7557 | D:8      | Reached skill level 8 in Shapeshifting
  7629 | D:8      | HP: 3/63 [centaur/arrow (7)]
  7631 | D:8      | HP: 1/63 [centaur/arrow (13)]
  8354 | D:8      | Noticed a hornet
  8363 | D:8      | Killed a hornet
  8364 | D:8      | Reached XP level 10. HP: 60/69 MP: 10/10
  8491 | D:9      | Reached skill level 9 in Shapeshifting
  8596 | D:9      | Slain by a warg

Illustrated notes

Levels and vault maps discovered:
D:1:      noname_arrival_rooms_in_the_neighbourhood, layout_loops_cross,
          serial_bayou_pond_d
D:2:      layout_loops_corners
D:3:      layout_basic, serial_shops, nicolae_shop_industrial_runoff,
          portal_sewer_entry_f
D:4:      layout_basic, nzn_wu_jian_council_hall,
          minmay_temple_entry_drinking_statues, hex_intersection, uniq_robin
D:5:      layout_gridville, nicolae_overflow_hidden_temple,
          hangedman_decor_diamond_cutter, uniq_crazy_yiuf_cottage
D:6:      layout_loops_ring
D:7:      layout_loops_corners, grunt_gozag_breadcrumbs, serial_bayou_pond_d,
          st_stairs_12, patterned_corridor
D:8:      nicolae_BIG_FREAKIN_CUBE, layout_basic, erik_lair_orcish_takeover,
          centaur_isle
D:9:      minmay_the_grid_4x2 [minmay_the_grid_broken_lines,
          minmay_the_grid_dragon_a, minmay_the_grid_tri_star,
          minmay_the_grid_medium_cups, minmay_the_grid_outer_circle,
          minmay_the_grid_holed_spiral, minmay_the_grid_minigrid_large,
          minmay_the_grid_prize_trominoes], layout_loops_ring,
          minmay_orc_entry_guard_dogs, serial_shops, shop,
          onia_ninara_dug_in_and_dangerous, uniq_maurice, uniq_grum
D:10:     minmay_cut_squares, layout_cave_pools,
          gammafunk_temple_overflow_statue,
          nicolae_uskayaw_murder_on_the_dancefloor, serial_shops,
          nicolae_shop_statue_plus, bh_hangedman_babel_library
Temple:   nicolae_temple_no_exploring_needed

Skill      XL: |  1  2  3  4  5  6  7  8  9 10 |
---------------+-------------------------------+-----
Fighting       | 2 3 4 5 6 7 |  7.1
Shapeshifting  | 4 5 7 8 9 |  9.1
Unarmed Combat | 4 5 6 7 |  7.8
Dodging        | |  2.3

Action                     |  1- 3 |  4- 6 |  7- 9 | 10-12 || total
---------------------------+-------+-------+-------+-------++-------
  Melee: Unarmed           |    67 |    48 |       |       ||   115
         Constrict         |    19 |    28 |    37 |     3 ||    87
         Tentacles         |    12 |    23 |    47 |     8 ||    90
         Punch             |     4 |     3 |     8 |       ||    15
         Dagger            |       |    54 |   137 |       ||   191
         Mace              |       |       |    51 |    26 ||    77
  Evoke: Wand              |       |       |     1 |       ||     1
    Use: Potion            |       |     1 |     5 |       ||     6
   Stab: Sleeping          |    10 |     9 |     6 |     1 ||    26
         Distracted        |     1 |       |     1 |       ||     2
 Armour: Skin              |     3 |    16 |     5 |     1 ||    25
  Dodge: Dodged            |    30 |    62 |   176 |    17 ||   285
  Block: Buckler           |       |    13 |    39 |     4 ||    56

Table legend: (Time is in decaauts)
 A = Elapsed time spent in this place.
 B = Non-inter-level travel time spent in this place.
 C = Inter-level travel time spent in this place.
 D = Time resting spent in this place.
 E = Time spent auto-exploring this place.
 F = Levels seen in this place.
 G = Mean time per level.
                   A        B        C        D        E       F      G
               +--------+--------+--------+--------+--------+-----+--------+
         Total |   8599 |   8423 |    176 |    609 |   6554 |  12 |  716.6 |
       Dungeon |   8429 |   8253 |    176 |    561 |   6469 |  10 |  842.9 |
        Temple |      1 |      1 |      0 |      0 |      0 |   1 |    1.0 |
         Sewer |    169 |    169 |      0 |     48 |     85 |   1 |  169.0 |
               +--------+--------+--------+--------+--------+-----+--------+

Top non-repeatable levels by time:
     D:8: 1679 daAuts
     D:7: 1513 daAuts
     D:6: 1037 daAuts
     D:2: 1028 daAuts
     D:3: 771 daAuts
     D:4: 765 daAuts
     D:5: 765 daAuts
     D:1: 715 daAuts
   Sewer: 169 daAuts
     D:9: 147 daAuts
    D:10: 5 daAuts
  Temple: 1 daAuts
